 Dungeon Sprint DCSS version 0.19-a0-1498-g0b85ae9 (webtiles) character file.

644 poirepourri the Unseen (level 7, -4/32 HPs)
             Began as a Spriggan Enchanter on Sept 10, 2016.
             Was a Priest of Dithmenos.
             Splashed by an oklob plant's acid (8 damage)
             ... in the Dungeon (Sprint IV: "Fedhas' Mad Dash").
             The game lasted 00:02:35 (849 turns).

poirepourri the Unseen (Spriggan Enchanter)          Turns: 849, Time: 00:02:35

Health: -4/32      AC: -5    Str:  4    XL:     7   Next: 27%
Magic:  19/19      EV: 23    Int: 16    God:    Dithmenos [***...]
Gold:   87         SH:  0    Dex: 19    Spells: 5 memorised, 9 levels left

rFire  . . .     SeeInvis +     a - +1 dagger
rCold  . . .     Gourm    .     b - +1 robe
rNeg   . . .     Faith    .     (shield restricted)
rPois  .         Spirit   .     (helmet restricted)
rElec  .         Dismiss  .     (no cloak)
rCorr  .         Reflect  .     (gloves unavailable)
MR     +....     Harm     .     (boots unavailable)
Stlth  +++++++++. NoTele   +    l - amulet of invisibility {+Inv}
                                (no ring)
                                (no ring)

@: corroded, wreathed by umbra, very quick
A: unfitting armour, see invisible, herbivore 3, speed 3, slow metabolism 2
a: Shadow Step, Renounce Religion, Evoke Invisibility


You were in the Dungeon.
You worshipped Dithmenos.
Dithmenos was most pleased with you.
You were very full.

You visited 1 branch You collected 87 gold pieces.

Inventory:

Hand Weapons
 a - a +1 dagger (weapon)
Armour
 b - a +1 robe (worn)
Jewellery
 l - the amulet of invisibility (around neck) {+Inv}
   (You found it in the Dungeon)

   [amulet of nothing]

   It lets you turn invisible.
Scrolls
 j - a scroll of blinking
 k - a scroll of fear
Potions
 e - a potion of curing
 g - a potion of haste
 h - 2 potions of magic
 m - a potion of cancellation {unknown}
Books
 c - a book of Maledictions

   Spells                             Type                      Level
   a - Corona                         Hexes                        1
   b - Ensorcelled Hibernation        Hexes/Ice                    2
   c - Confuse                        Hexes                        3
   d - Tukima's Dance                 Hexes                        3
   e - Dazzling Spray                 Conjuration/Hexes            3
Comestibles
 d - 3 royal jellies


   Skills:
 + Level 1.3 Short Blades
 + Level 6.6 Dodging
 + Level 16.3 Stealth
 + Level 7.8 Spellcasting
 + Level 10.5 Hexes
 + Level 1.7 Ice Magic


You had 9 spell levels left.
You knew the following spells:

 Your Spells              Type           Power        Failure   Level  Hunger
a - Corona                Hex            #####..      1%          1    None
b - Ensorcelled Hibernat  Hex/Ice        ####..       1%          2    None
c - Confuse               Hex            #####...     1%          3    ##.....
d - Tukima's Dance        Hex            #####...     1%          3    ##.....
e - Dazzling Spray        Conj/Hex       ###...       4%          3    ##.....


Dungeon Overview and Level Annotations

Branches:
Dungeon (1/1)

Altars:
Cheibriados
Dithmenos
Elyvilon
Gozag
Hepliaklqana
Kikubaaqudgha
Makhleb
Nemelex Xobeh
Okawaru
Qazlal
Ru
Sif Muna
Trog
Uskayaw
Vehumet
Xom
Yredelemnul
Zin
The Shining One
Beogh
Jiyva
Lugonu

Shops:
D (:

Annotations:
D exclusion: oklob plant


Innate Abilities, Weirdness & Mutations

You are tiny and cannot use many weapons and most armour.
You have supernaturally acute eyesight. (SInv)
You are a herbivore.
You cover ground extremely quickly.
You need consume almost no food.


Message History

Casting: Ensorcelled Hibernation
Confirm with . or Enter, or press ? or * to list all spells.
You can't see any susceptible monsters within range! (Use Z to cast anyway.) Unknown command.
You hit the oklob plant but do no damage.
You see here a robe.
You hit the oklob plant but do no damage.
You hit the oklob plant but do no damage.
The oklob plant spits acid at you. The splash of acid hits you!
The acid corrodes you!
The acid burns!
You hit the oklob plant.
The oklob plant is lightly damaged.
You hit the oklob plant but do no damage.
The oklob plant is lightly damaged.
You hit the oklob plant but do no damage.
The oklob plant spits acid at you. The splash of acid hits you!
* * * LOW HITPOINT WARNING * * *
The acid corrodes you!
The acid burns!
You die...

#PP..'.....'†#.(.'.
#PPPP#.....#.#...#.
###############'##.
#...♣........'...#.
#......♣.....#...##
#.....♣..♣..######
##'####+##### #(.#
#P@# ####


You could see an oklob plant.

Vanquished Creatures
  A queen bee (D)
  A scorpion (D)
  4 killer bees (D)
  4 oklob saplings (D)
  A worker ant (D)
  2 spriggans (D)
  A river rat (D)
  A rat (D)
15 creatures vanquished.

Notes
Turn   | Place    | Note
-------+----------+-------------------------------------------
     0 | D        | poirepourri the Spriggan Enchanter began the quest for the Orb.
     0 | D        | Reached XP level 1. HP: 9/9 MP: 5/5
     8 | D        | Reached skill level 5 in Stealth
     8 | D        | Reached XP level 2. HP: 13/13 MP: 7/7
    18 | D        | Learned a level 2 spell: Ensorcelled Hibernation
    21 | D        | Noticed an oklob sapling
    24 | D        | Killed an oklob sapling
    24 | D        | Reached skill level 7 in Stealth
    24 | D        | Reached skill level 5 in Hexes
    24 | D        | Reached XP level 3. HP: 16/16 MP: 7/9
    29 | D        | Reached skill level 8 in Stealth
   188 | D        | Learned a level 3 spell: Confuse
   192 | D        | Learned a level 3 spell: Tukima's Dance
   194 | D        | Found an opulent altar of Gozag.
   194 | D        | Found a hazy altar of Hepliaklqana.
   194 | D        | Found a burning altar of Makhleb.
   194 | D        | Found a roughly hewn altar of Beogh.
   194 | D        | Found a sparkling altar of Nemelex Xobeh.
   194 | D        | Found a snail-covered altar of Cheibriados.
   194 | D        | Found a sacrificial altar of Ru.
   194 | D        | Found a deep blue altar of Sif Muna.
   194 | D        | Found a shimmering altar of Xom.
   194 | D        | Found a basalt altar of Yredelemnul.
   195 | D        | Found a viscous altar of Jiyva.
   195 | D        | Found a bloodstained altar of Trog.
   195 | D        | Noticed an oklob sapling priest
   196 | D        | Found an iron altar of Okawaru.
   196 | D        | Found a shadowy altar of Dithmenos.
   196 | D        | Found a glowing silver altar of Zin.
   197 | D        | Found an ancient bone altar of Kikubaaqudgha.
   197 | D        | Found a hide-covered altar of Uskayaw.
   198 | D        | Found a stormy altar of Qazlal.
   198 | D        | Found a white marble altar of Elyvilon.
   198 | D        | Found a glowing golden altar of the Shining One.
   199 | D        | Found a corrupted altar of Lugonu.
   199 | D        | Found a radiant altar of Vehumet.
   202 | D        | Killed an oklob sapling priest
   202 | D        | Reached skill level 10 in Stealth
   202 | D        | Reached skill level 5 in Spellcasting
   202 | D        | Reached XP level 4. HP: 21/21 MP: 12/12
   212 | D        | Became a worshipper of Dithmenos the Shadowed
   221 | D        | Reached skill level 5 in Dodging
   221 | D        | Reached XP level 5. HP: 24/24 MP: 14/14
   232 | D        | Reached skill level 11 in Stealth
   233 | D        | Reached * piety under Dithmenos
   233 | D        | Reached skill level 12 in Stealth
   249 | D        | Learned a level 3 spell: Dazzling Spray
   249 | D        | Found Ulemestro's Book Shop.
   249 | D        | Found Qesetaq's Antique Weapon Emporium.
   298 | D        | HP: 1/24 [acid (12)]
   306 | D        | Reached skill level 13 in Stealth
   461 | D        | Noticed a queen bee
   482 | D        | Reached ** piety under Dithmenos
   482 | D        | Reached XP level 6. HP: 18/28 MP: 12/16
   487 | D        | Reached skill level 14 in Stealth
   490 | D        | Reached skill level 10 in Hexes
   492 | D        | Reached skill level 1 in Ice Magic
   802 | D        | Killed a queen bee
   802 | D        | Reached *** piety under Dithmenos
   802 | D        | Reached skill level 16 in Stealth
   802 | D        | Reached XP level 7. HP: 32/32 MP: 16/19
   840 | D        | Noticed an oklob plant
   849 | D        | Splashed by an oklob plant's acid

Vault maps used:
D:        dungeon_sprint_fedhas

Skill      XL: |  1  2  3  4  5  6 |
---------------+-------------------+-----
Stealth        | 5 7 10 13 16 | 16.3
Spellcasting   | 3 4 5 6 7 |  7.8
Hexes          | 4 5 7 9 10 | 10.5
Dodging        | 4 5 6 |  6.6
Ice Magic      | 1 |  1.7
Short Blades   | |  1.3

Action                   |  1- 3 |  4- 6 |  7- 9 || total
-------------------------+-------+-------+-------++-------
Melee: Dagger            |     5 |    26 |     6 ||    37
 Cast: Ensorcelled Hiber |     1 |     6 |       ||     7
  Use: Scroll            |     1 |       |       ||     1
       Potion            |       |     2 |       ||     2
 Stab: Sleeping          |     5 |     9 |       ||    14
  Eat: Bread ration      |       |     1 |       ||     1
Armor: Robe              |       |     2 |       ||     2
Dodge: Dodged            |       |    15 |       ||    15
